 Dungeon Crawl Stone Soup version 0.29-a0-90-gc37658a0fe (webtiles) character file.

Game seed: 3958098327041606764

40 enile the Conjurer (level 3, -1/24 HPs)
             Began as an Octopode Conjurer on Feb 6, 2022.
             Was a Follower of Vehumet.
             Frozen to death by an endoplasm (4 damage)
             ... on level 1 of the Dungeon.
             The game lasted 00:02:30 (1626 turns).

enile the Conjurer (Octopode Conjurer)              Turns: 1626, Time: 00:02:31

Health: -1/24      AC:  1    Str:  6    XL:     3   Next: 50%
Magic:  5/7        EV: 13    Int: 22    God:    Vehumet [*.....]
Gold:   41         SH:  0    Dex: 10    Spells: 3/7 levels left

rFire   . . .      SeeInvis .   (no weapon)
rCold   . . .      Faith    .   (no shield)
rNeg    . . .      Spirit   .   (helmet restricted)
rPois   .          Reflect  .   (no amulet)
rElec   .          Harm     .   (no ring)
rCorr   .          Rampage  .   (no ring)
Will    .....                   (no ring)
Stlth   +++.......              (no ring)
HPRegen 0.08/turn               (no ring)
MPRegen 0.10/turn               (no ring)
                                (no ring)
                                (no ring)

@: about to teleport
A: almost no armour, amphibious, 8 rings, camouflage 1, gelatinous body 1,
(nimble swimmer 1), tentacles
a: Renounce Religion


You were on level 1 of the Dungeon.
You worshipped Vehumet.
Vehumet was aware of your devotion.
You visited 1 branch of the dungeon, and saw 1 of its levels.

You collected 41 gold pieces.

Inventory:

Scrolls
 a - a scroll of identify {unknown}
 c - a scroll of noise {unknown}
 d - a scroll of teleportation
 e - a scroll of immolation {unknown}
Potions
 f - a potion of curing {unknown}
 g - a potion of flight {unknown}


   Skills:
 - Level 2.0 Fighting
 - Level 2.0 Dodging
 - Level 2.6 Stealth
 + Level 2.9 Spellcasting
 - Level 4.0 Conjurations


You had 3 spell levels left.
You knew the following spells:

 Your Spells              Type           Power      Damage    Failure   Level
a - Magic Dart            Conj           80%        1d7       2%          1
b - Freeze                Ice            12%        1d4       13%         1
c - Searing Ray           Conj           40%        2d5       3%          2

Your spell library contained the following spells:

 Spells                   Type           Power      Damage    Failure   Level
 Dazzling Flash           Conj/Hex       24%        N/A       17%         3
 Fulminant Prism          Conj/Hex       6%         3d7       50%         4
 Iskenderun's Mystic Bla  Conj/Tloc      12%        2d5       50%         4


Dungeon Overview and Level Annotations

Branches:
Dungeon (1/15)

Altars:
Vehumet


Innate Abilities, Weirdness & Mutations

You cannot wear most types of armour.
You are amphibious.
You can wear up to eight rings at the same time.
Your skin changes colour to match your surroundings (Stealth+).
Your rubbery body absorbs attacks. (AC +1, EV +1)
((You are camouflaged when in or above water. (Stealth+)))
You have tentacles for arms and can constrict up to eight enemies at once.


Message History

Unknown command.
Welcome back, enile the Octopode Conjurer.
Vehumet says: Let it end in hellfire!
Press ? for a list of commands and other information.
The rat twitches its whiskers.
The giant cockroach barely misses you.
There is an open door here.
The giant cockroach closely misses you.
There's a creature in the doorway!
The endoplasm freezes you.
You are frozen.
* * * LOW HITPOINT WARNING * * *
The giant cockroach waves its antennae.
The giant cockroach bites you.
* * * LOW HITPOINT WARNING * * *
The giant cockroach waves its antennae.
The giant cockroach closely misses you.
As you read the scroll labelled ECEPPEREEN, it crumbles to dust.
The scroll dissolves into smoke.
It was a scroll of fog.
The giant cockroach closely misses you.
As you read the scroll labelled INLOWIMAY, it crumbles to dust.
You feel strangely unstable.
It was a scroll of teleportation.
The giant cockroach barely misses you.
You tentacle-slap the giant cockroach but do no damage.
Your grab misses the giant cockroach.
The giant cockroach is heavily wounded.
The giant cockroach barely misses you. x2
You closely miss the giant cockroach. You grab the giant cockroach.
The giant cockroach is heavily wounded.
Your surroundings suddenly seem different.
You lose your grip on something.
There is an open door here.
As you read the scroll of teleportation, it crumbles to dust.
You feel strangely unstable. The endoplasm freezes you.
You are frozen.
* * * LOW HITPOINT WARNING * * *
The endoplasm freezes you.
You are frozen.
You die...

.# ##'##....)...##.#
.########...###########.#
.................#......#
.###############..)#.####
.#.............#......##
.#.............#.......#
.# ......B.....#......##
.#######†#######.....##
.#.............#@....#
.+⌠....###....rJ.###.#
.#......<......#.# #.#
.#..⌠...>...⌠..#.###.#
.###'#######J###.....#
..........h.......####
.#....###J..###...#
.#.(.###.....######
.#.###......##


You could see 3 endoplasms, a jackal (wandering) and a rat.

Vanquished Creatures
  6 ball pythons (D:1)
  7 endoplasms (D:1)
  6 giant cockroaches (D:1)
  2 goblins (D:1)
  2 hobgoblins (D:1)
  2 jackals (D:1)
  2 quokkas (D:1)
  2 bats (D:1)
  2 rats (D:1)
31 creatures vanquished.

Vanquished Creatures (others)
  6 plants (D:1)
6 creatures vanquished.

Grand Total: 37 creatures vanquished

Notes
Turn   | Place    | Note
-------+----------+-------------------------------------------
     0 | D:1      | enile the Octopode Conjurer began the quest for the Orb.
     0 | D:1      | Reached XP level 1. HP: 11/11 MP: 3/3
     1 | D:1      | Found a runed translucent door.
   125 | D:1      | Reached skill level 1 in Fighting
   219 | D:1      | Reached XP level 2. HP: 18/18 MP: 1/5
   861 | D:1      | Reached XP level 3. HP: 22/24 MP: 0/6
  1189 | D:1      | Found a faded altar of an unknown god.
  1260 | D:1      | Prayed at the altar of an unknown god.
  1260 | D:1      | Became a worshipper of Vehumet
  1260 | D:1      | Reached * piety under Vehumet
  1260 | D:1      | Offered knowledge of Freeze by Vehumet.
  1536 | D:1      | Learned a level 1 spell: Freeze
  1539 | D:1      | Learned a level 2 spell: Searing Ray
  1626 | D:1      | Frozen to death by an endoplasm

Illustrated notes

Levels and vault maps discovered:
D:1:      dpeg_arrival_caged_fury, layout_loops_corners,
          shapermc_ecumenical_altar_mp_urbaneastern, st_stairs_10

Skill      XL: |  1  2 |
---------------+-------+-----
Fighting       | 1 2 |  2.0
Dodging        | |  2.0
Stealth        | |  2.6
Spellcasting   | |  2.9
Conjurations   | |  4.0

Action                   || total
-------------------------++-------
Melee: Unarmed           ||    49
       Constrict         ||    15
       Tentacles         ||    23
       Punch             ||     1
 Cast: Magic Dart        ||    58
       Freeze            ||     5
       Searing Ray       ||     1
  Use: Scroll            ||     3
Armor: Skin              ||     4
Dodge: Dodged            ||    25

Table legend: (Time is in decaauts)
 A = Elapsed time spent in this place.
 B = Non-inter-level travel time spent in this place.
 C = Inter-level travel time spent in this place.
 D = Time resting spent in this place.
 E = Time spent auto-exploring this place.
 F = Levels seen in this place.
 G = Mean time per level.
                   A        B        C        D        E       F      G
               +--------+--------+--------+--------+--------+-----+--------+
         Total |   1626 |   1626 |      0 |      0 |   1402 |   1 | 1626.0 |
       Dungeon |   1626 |   1626 |      0 |      0 |   1402 |   1 | 1626.0 |
               +--------+--------+--------+--------+--------+-----+--------+

Top non-repeatable levels by time:
     D:1: 1626 daAuts
